 Dungeon Crawl Stone Soup version 0.29.0-4-gdea44cf6ec (webtiles) character file.

Game seed: 11509688906377420990

47756 qw the Brawler (level 14, -9/133 HPs)
             Began as a Troll Cinder Acolyte on Sept 2, 2022.
             Was a High Priest of Okawaru.
             Mangled by a 15-headed hydra (12 damage)
             ... on level 5 of the Lair of Beasts.
             The game lasted 00:10:10 (15121 turns).

qw the Brawler (Troll Cinder Acolyte)              Turns: 15121, Time: 00:10:11

Health: -9/133     AC: 20    Str: 29    XL:     14   Next: 9%
Magic:  13/19      EV:  9    Int: 10    God:    Okawaru [*****.]
Gold:   1012       SH: 18    Dex:  5    Spells: 15/15 levels left

rFire   . . .      SeeInvis .     - Unarmed
rCold   + . .      Faith    .   g - +2 kite shield {rC+}
rNeg    . . .      Spirit   .   j - +3 acid dragon scales
rPois   +          Reflect  +   (helmet restricted)
rElec   .          Harm     .   q - +2 cloak
rCorr   +          Rampage  .   (gloves unavailable)
Will    +....                   (boots unavailable)
Stlth   ++........              b - amulet of reflection
HPRegen 1.12/turn               a - ring of poison resistance
MPRegen 0.16/turn               s - +4 ring of protection

@: about to teleport, heroic, finesse-ful
A: large, unfitting armour, claws 3, regeneration 1, shaggy fur 1, tough skin 1
a: Renounce Religion, Heroism, Finesse, Duel


You were on level 5 of the Lair of Beasts.
You worshipped Okawaru.
Okawaru was extremely pleased with you.
You visited 3 branches of the dungeon, and saw 17 of its levels.
You also visited: Sewer.

You collected 1012 gold pieces.


Innate Abilities, Weirdness & Mutations

You are too large for most types of armour.
You have claws for hands.
Your natural rate of healing is unusually fast.
You are covered in fur. (AC +1)
You have tough skin. (AC +1)


   Skills:
 - Level 7.0(12.0) Fighting
 - Level 2.3(7.3) Throwing
 - Level 3.4(8.4) Armour
 - Level 2.0(7.0) Dodging
 + Level 11.2(16.2) Shields
 - Level 17.0(22.0) Unarmed Combat
 - Level 1.0 Spellcasting
 - Level 2.1 Fire Magic
 + Level 9.0 Invocations


You had 15 spell levels left.
You didn't know any spells.
Your spell library contained the following spells:

 Spells                   Type           Power      Damage    Failure   Level
 Scorch                   Fire           8%         2d5       36%         2

Inventory:

Missiles
 p - a boomerang (quivered)
Armour
 g - a +2 kite shield of cold resistance (worn)
 j - +3 acid dragon scales (worn)
 o - the +2 robe of Dogmatism {rF+}
   (You took it off a centaur on level 6 of the Dungeon)

   rF:        It protects you from fire.
 q - a +2 cloak (worn)
Jewellery
 a - a ring of poison resistance (left claw)
 b - an amulet of reflection (around neck)
 m - a ring of resist corrosion
 s - a +4 ring of protection (right claw)
Scrolls
 l - 5 scrolls of enchant weapon
 n - 8 scrolls of identify
Potions
 c - 5 potions of haste
 e - 3 potions of mutation
 f - 4 potions of cancellation
 h - a potion of heal wounds
 i - 5 potions of curing
 k - a potion of might

Dungeon Overview and Level Annotations

Branches:
Dungeon (11/15)            Temple (1/1) D:4            Lair (5/5) D:11
 Shoals (0/4) Lair:2       Spider (0/4) Lair:3          Orc (0/2) D:11
  Sewer (visited)
  Slime: Lair:4-5

Altars:
Ashenzari
Hepliaklqana
Kikubaaqudgha
Makhleb
Nemelex Xobeh
Okawaru
Qazlal
Ru
Sif Muna
Trog
Uskayaw
Vehumet
Wu Jian
The Shining One

Annotations:
D:3 1 runed translucent door, Crazy Yiuf
Lair:3 2 transporters, qw's ghost, journeyman TrCA


Message History

The ten-headed hydra is moderately wounded.
You claw one of the ten-headed hydra's heads off!
The nine-headed hydra grows two more!
You claw the 11-headed hydra!
The 11-headed hydra is moderately wounded.
You rip one of the 11-headed hydra's heads off!
The ten-headed hydra grows two more!
You claw the 12-headed hydra!
The 12-headed hydra is moderately wounded.
The 12-headed hydra closely misses you. You block the 12-headed hydra's attack.
The 12-headed hydra bites you but does no damage. x2
The 12-headed hydra bites you! The 12-headed hydra closely misses you.
You block the 12-headed hydra's attack. x2; The 12-headed hydra bites you!
The 12-headed hydra bites you.
You block the 12-headed hydra's attack. x2
You tear one of the 12-headed hydra's heads off!
The 11-headed hydra grows two more!
You claw the 13-headed hydra!
The 13-headed hydra is moderately wounded.
You rip one of the 13-headed hydra's heads off!
The 12-headed hydra grows two more!
You claw the 14-headed hydra!
The 14-headed hydra is moderately wounded.
The yak gores the bush but does no damage.
The four-headed hydra bites the bush but does no damage.
The four-headed hydra bites the bush! x2
The four-headed hydra bites the bush but does no damage.
You claw one of the 14-headed hydra's heads off!
The 13-headed hydra grows two more!
You claw the 15-headed hydra!
The 15-headed hydra is moderately wounded.
You block the 15-headed hydra's attack. The 15-headed hydra bites you.
The 15-headed hydra bites you but does no damage.
The 15-headed hydra bites you. x2; The 15-headed hydra bites you! x2
You block the 15-headed hydra's attack. The 15-headed hydra bites you.
You block the 15-headed hydra's attack. The 15-headed hydra bites you!
The 15-headed hydra bites you but does no damage.
The 15-headed hydra closely misses you. You block the 15-headed hydra's attack.
The 15-headed hydra bites you but does no damage.
An eight-headed hydra comes into view.
15121 ||| READING scroll of teleportation.
As you read the scroll of teleportation, it crumbles to dust.
You feel strangely unstable.
The yak gores the bush.
You block the 15-headed hydra's attack. x2
The 15-headed hydra bites you!
You die...

.....P......D.
#...........Y
.........YDPPP
#.........YPPP$
#..........PPP.
#........D.....
##......D......
##P.....@........
#..................
##...!............
#..P.##.........#
#..%####.....P..#
#..#.....##.#....P#
#...#....##.#.#.#..P#
...................##
.P......#.#.##......#..


You could see a 15-headed hydra, 2 eight-headed hydras, a four-headed hydra, an
oklob plant and 3 yaks.

Vanquished Creatures
  Josephine (D:11)
  4 hydras
  5 two-headed ogres
  2 manticores
  An ugly thing (D:11)
  12 elephants
  2 merfolk sirens (Lair:2)
  A black mamba (Lair:5)
  9 cane toads
  10 komodo dragons
  An unseen horror (D:10)
  3 kobold demonologists
  8 rime drakes
  2 ice devils (Lair:3)
  3 trolls (D:11)
  2 merfolk (Lair:2)
  2 polar bears
  Grinder (D:3)
  5 blink frogs (Lair:4)
  Prince Ribbit (D:7)
  3 jumping spiders (Lair:3)
  Sigmund (D:2)
  2 culicivoras (Lair:3)
  7 wyverns
  6 wraiths
  65 yaks
  12 fire elementals
  2 redbacks
  13 basilisks
  2 acid dragons (D:10)
  14 water moccasins
  A black bear (D:5)
  2 ice beasts
  A sky beast (D:7)
  11 orc warriors
  13 wolves
  9 centaurs
  5 ogres
  2 phantoms (D:5)
  4 kobold brigands
  2 gnoll sergeants
  8 bullfrogs
  2 necrophages
  2 scorpions (D:6)
  13 wights
  21 killer bees
  8 howler monkeys
  An electric eel (D:11)
  A jelly (D:4)
  7 hounds
  9 orc priests
  2 iguanas
  6 orc wizards
  17 hell rats
  A statue (D:6)
  12 adders
  12 gnolls
  8 river rats (Lair:3)
  A shadow imp (D:6)
  2 white imps
  2 ufetubi (D:6)
  2 worms
  2 dart slugs
  35 orcs
  11 bats
  5 endoplasms
  5 giant cockroaches
  8 goblins
  8 hobgoblins
  15 jackals
  3 quokkas
  5 ball pythons
  3 frilled lizards
  23 kobolds
  11 rats
523 creatures vanquished.

Vanquished Creatures (others)
  2 kobold brigands
  A kobold (D:8)
  25 fungi
  18 plants
46 creatures vanquished.

Grand Total: 569 creatures vanquished

Notes
Turn   | Place    | Note
-------+----------+-------------------------------------------
     0 | D:1      | qw the Troll Cinder Acolyte began the quest for the Orb.
     0 | D:1      | Reached XP level 1. HP: 22/22 MP: 1/1
     0 | D:1      | 0 ||| qw: Version: 0.1-a-97-g2dd2ca4
     0 | D:1      | 0 ||| qw: Game counter: 4937
     0 | D:1      | 0 ||| qw: Always use a shield: true
     0 | D:1      | 0 ||| qw: God list: Okawaru
     0 | D:1      | 0 ||| qw: Allow faded altars: false
     0 | D:1      | 0 ||| qw: Do Orc after D:15 true
     0 | D:1      | 0 ||| qw: Do second Lair branch before Depths: true
     0 | D:1      | 0 ||| qw: Lair rune preference: random
     0 | D:1      | 0 ||| qw: Plans: Normal
     0 | D:1      | 0 ||| PLANNING D:1-11
   138 | D:1      | 138 ||| INVOKING Fiery Armour.
   140 | D:1      | Reached XP level 2. HP: 16/29 MP: 2/2
   480 | D:1      | Reached skill level 4 in Unarmed Combat
   560 | D:1      | 560 ||| Stepping ~*~*~tactically~*~*~ (stealth).
   562 | D:1      | 562 ||| Stepping ~*~*~tactically~*~*~ (stealth).
   575 | D:1      | Reached XP level 3. HP: 31/36 MP: 3/3
   676 | D:1      | 676 ||| READING scroll labelled GOMAMIO INAOGE.
   677 | D:1      | 677 ||| READING scroll labelled NUNLOESKOU.
  1026 | D:2      | Noticed Sigmund
  1029 | D:2      | 1029 ||| Stepping ~*~*~tactically~*~*~ (hiding).
  1033 | D:2      | 1033 ||| INVOKING Fiery Armour.
  1043 | D:2      | Reached XP level 4. HP: 37/44 MP: 4/4
  1046 | D:2      | Killed Sigmund
  1047 | D:2      | Reached skill level 6 in Unarmed Combat
  1047 | D:2      | Reached XP level 5. HP: 46/50 MP: 5/5
  1121 | D:2      | 1121 ||| Stepping ~*~*~tactically~*~*~ (stealth).
  1143 | D:2      | 1143 ||| Stepping ~*~*~tactically~*~*~ (stealth).
  1177 | D:2      | Found a faded altar of an unknown god.
  1178 | D:2      | 1178 ||| Stepping ~*~*~tactically~*~*~ (hiding).
  1340 | D:2      | 1340 ||| Stepping ~*~*~tactically~*~*~ (stealth).
  1384 | D:2      | Identified the +6 short sword of Neurosis {vorpal, Will+}
  1609 | D:2      | 1609 ||| READING scroll labelled ODIT BOSKIXOYDD.
  1609 | D:2      | Identified a scroll of acquirement
  1609 | D:2      | 1609 ||| ACQUIRING +2 kite shield of cold resistance
  1609 | D:2      | Acquired a +2 kite shield of cold resistance
  1611 | D:2      | 1611 ||| UPGRADING to +2 kite shield of cold resistance.
  1679 | D:3      | Reached XP level 6. HP: 59/59 MP: 6/6
  1745 | D:3      | 1745 ||| Stepping ~*~*~tactically~*~*~ (stealth).
  1825 | D:3      | Identified the +7 dagger of the Breathing Goat {drain,
                  | rF++}
  1889 | D:3      | Found a runed translucent door.
  1890 | D:3      | Noticed Crazy Yiuf
  2031 | D:3      | Reached skill level 1 in Shields
  2031 | D:3      | 2031 ||| INVOKING Fiery Armour.
  2032 | D:3      | 2032 ||| Stepping ~*~*~tactically~*~*~ (outnumbered).
  2033 | D:3      | 2033 ||| Stepping ~*~*~tactically~*~*~ (outnumbered).
  2034 | D:3      | 2034 ||| Stepping ~*~*~tactically~*~*~ (outnumbered).
  2036 | D:3      | 2036 ||| Stepping ~*~*~tactically~*~*~ (outnumbered).
  2037 | D:3      | 2037 ||| Stepping ~*~*~tactically~*~*~ (outnumbered).
  2038 | D:3      | 2038 ||| Stepping ~*~*~tactically~*~*~ (outnumbered).
  2042 | D:3      | 2042 ||| Stepping ~*~*~tactically~*~*~ (outnumbered).
  2042 | D:3      | HP: 14/59 [orc/+0 flail (5)]
  2087 | D:3      | 2087 ||| Stepping ~*~*~tactically~*~*~ (stealth).
  2095 | D:3      | 2095 ||| Stepping ~*~*~tactically~*~*~ (outnumbered).
  2121 | D:3      | 2121 ||| Stepping ~*~*~tactically~*~*~ (stealth).
  2122 | D:3      | 2122 ||| Stepping ~*~*~tactically~*~*~ (stealth).
  2123 | D:3      | 2123 ||| Stepping ~*~*~tactically~*~*~ (stealth).
  2124 | D:3      | 2124 ||| Stepping ~*~*~tactically~*~*~ (stealth).
  2125 | D:3      | 2125 ||| Stepping ~*~*~tactically~*~*~ (stealth).
  2126 | D:3      | 2126 ||| Stepping ~*~*~tactically~*~*~ (stealth).
  2136 | D:3      | 2136 ||| Stepping ~*~*~tactically~*~*~ (stealth).
  2137 | D:3      | 2137 ||| Stepping ~*~*~tactically~*~*~ (stealth).
  2138 | D:3      | 2138 ||| Stepping ~*~*~tactically~*~*~ (stealth).
  2301 | D:3      | Noticed Grinder
  2316 | D:3      | Killed Grinder
  2317 | D:3      | Reached XP level 7. HP: 47/66 MP: 7/7
  2483 | D:3      | 2483 ||| READING scroll labelled MYOMNUTHOU.
  2484 | D:3      | 2484 ||| READING scroll labelled KICIK FOSAS.
  2485 | D:3      | 2485 ||| DRINKING 2 amethyst potions.
  2486 | D:3      | 2486 ||| READING 2 scrolls of identify.
  2486 | D:3      | 2486 ||| IDENTIFYING glowing inky potion
  2487 | D:3      | 2487 ||| DROPPING potion of attraction.
  2681 | D:4      | 2681 ||| Stepping ~*~*~tactically~*~*~ (stealth).
  2687 | D:4      | 2687 ||| Stepping ~*~*~tactically~*~*~ (stealth).
  2690 | D:4      | 2690 ||| Stepping ~*~*~tactically~*~*~ (stealth).
  2712 | D:4      | Found a stormy altar of Qazlal.
  3050 | D:4      | Found a staircase to the Ecumenical Temple.
  3051 | D:4      | 3051 ||| READING 3 scrolls labelled PIPTEMOREM.
  3052 | D:4      | 3052 ||| READING 2 scrolls labelled HACSA ZOSUUZ.
  3053 | D:4      | 3053 ||| DRINKING 2 fuming golden potions.
  3054 | D:4      | 3054 ||| DRINKING 2 emerald potions.
  3055 | D:4      | 3055 ||| READING 2 scrolls of identify.
  3055 | D:4      | 3055 ||| IDENTIFYING metallic grey potion
  3056 | D:4      | 3056 ||| DROPPING potion of flight.
  3057 | D:4      | 3057 ||| DROPPING 2 scrolls of immolation.
  3075 | D:5      | Entered Level 5 of the Dungeon
  3089 | D:5      | Reached skill level 7 in Unarmed Combat
  3089 | D:5      | 3089 ||| STAIRDANCE
  3216 | D:5      | Reached XP level 8. HP: 74/74 MP: 8/8
  3313 | D:5      | 3313 ||| Stepping ~*~*~tactically~*~*~ (stealth).
  3322 | D:5      | Reached skill level 6 in Shields
  3493 | D:5      | 3493 ||| Stepping ~*~*~tactically~*~*~ (stealth).
  3568 | D:5      | Reached skill level 8 in Unarmed Combat
  3601 | D:5      | 3601 ||| Stepping ~*~*~tactically~*~*~ (stealth).
  3631 | D:5      | 3631 ||| Stepping ~*~*~tactically~*~*~ (outnumbered).
  3632 | D:5      | 3632 ||| Stepping ~*~*~tactically~*~*~ (outnumbered).
  3633 | D:5      | 3633 ||| Stepping ~*~*~tactically~*~*~ (outnumbered).
  3807 | D:5      | 3807 ||| UPGRADING to amulet of reflection.
  3812 | D:5      | 3812 ||| READING scroll labelled POETHR URPHAKKIO.
  3813 | D:5      | 3813 ||| READING scroll labelled QOGHOHE ORY.
  3846 | D:5      | 3846 ||| DRINKING 2 fuming dark potions.
  3847 | D:5      | 3847 ||| READING 5 scrolls of identify.
  3847 | D:5      | 3847 ||| IDENTIFYING fuming yellow potion
  3848 | D:5      | 3848 ||| READING 4 scrolls of identify.
  3848 | D:5      | 3848 ||| IDENTIFYING glowing clear potion
  3849 | D:5      | 3849 ||| READING 3 scrolls of identify.
  3849 | D:5      | 3849 ||| IDENTIFYING dark potion
  3850 | D:5      | 3850 ||| DROPPING potion of magic.
  3851 | D:5      | 3851 ||| DROPPING potion of ambrosia.
  3856 | D:6      | 3856 ||| PLANNING SEWER
  3857 | D:6      | Found a glowing drain.
  3859 | D:6      | 3859 ||| Stepping ~*~*~tactically~*~*~ (stealth).
  3866 | D:6      | Reached skill level 3 in Fighting
  3917 | D:6      | 3917 ||| INVOKING Fiery Armour.
  3935 | Sewer    | Entered a sewer
  3942 | Sewer    | 3942 ||| Stepping ~*~*~tactically~*~*~ (stealth).
  3948 | Sewer    | 3948 ||| Stepping ~*~*~tactically~*~*~ (outnumbered).
  4044 | Sewer    | 4044 ||| READING scroll of acquirement.
  4044 | Sewer    | 4044 ||| ACQUIRING +2 robe of cold resistance
  4044 | Sewer    | Acquired a +2 robe of cold resistance
  4046 | Sewer    | 4046 ||| UPGRADING to +2 robe of cold resistance.
  4056 | Sewer    | 4056 ||| DROPPING +0 robe.
  4060 | Sewer    | 4060 ||| READING 2 scrolls of identify.
  4060 | Sewer    | 4060 ||| IDENTIFYING red potion
  4061 | Sewer    | 4061 ||| DROPPING potion of degeneration.
  4078 | D:6      | 4078 ||| PLANNING D:1-11
  4154 | D:6      | 4154 ||| Stepping ~*~*~tactically~*~*~ (outnumbered).
  4158 | D:6      | Reached skill level 9 in Unarmed Combat
  4165 | D:6      | 4165 ||| Stepping ~*~*~tactically~*~*~ (outnumbered).
  4167 | D:6      | 4167 ||| Stepping ~*~*~tactically~*~*~ (outnumbered).
  4174 | D:6      | 4174 ||| Stepping ~*~*~tactically~*~*~ (outnumbered).
  4175 | D:6      | 4175 ||| Stepping ~*~*~tactically~*~*~ (outnumbered).
  4177 | D:6      | Reached XP level 9. HP: 69/84 MP: 9/9
  4238 | D:6      | 4238 ||| INVOKING Fiery Armour.
  4239 | D:6      | Identified the +2 robe of Dogmatism {rF+}
  4241 | D:6      | 4241 ||| Stepping ~*~*~tactically~*~*~ (outnumbered).
  4245 | D:6      | 4245 ||| Stepping ~*~*~tactically~*~*~ (outnumbered).
  4248 | D:6      | Reached skill level 1 in Dodging
  4271 | D:6      | 4271 ||| Stepping ~*~*~tactically~*~*~ (stealth).
  4273 | D:6      | 4273 ||| Stepping ~*~*~tactically~*~*~ (stealth).
  4285 | D:6      | 4285 ||| Stepping ~*~*~tactically~*~*~ (stealth).
  4286 | D:6      | 4286 ||| Stepping ~*~*~tactically~*~*~ (stealth).
  4287 | D:6      | 4287 ||| Stepping ~*~*~tactically~*~*~ (stealth).
  4385 | D:6      | Found a radiant altar of Vehumet.
  4386 | D:6      | 4386 ||| INVOKING Fiery Armour.
  4535 | D:6      | 4535 ||| Stepping ~*~*~tactically~*~*~ (stealth).
  4726 | D:6      | 4726 ||| DROPPING +1 robe of fire resistance.
  4727 | D:6      | 4727 ||| UPGRADING to +2 robe of Dogmatism {rF+}.
  4737 | D:6      | 4737 ||| READING 2 scrolls of identify.
  4737 | D:6      | 4737 ||| IDENTIFYING clear potion
  4996 | D:7      | Reached skill level 1 in Throwing
  5018 | D:7      | Reached skill level 10 in Unarmed Combat
  5025 | D:7      | 5025 ||| Stepping ~*~*~tactically~*~*~ (stealth).
  5068 | D:7      | Noticed Prince Ribbit
  5077 | D:7      | Killed Prince Ribbit
  5114 | D:7      | Identified the +4 dagger "Gaurueda" {distort, rC+ Stlth+}
  5285 | D:7      | Identified the +1 ring mail "Sesarog" {Rampage rN+ Str+5}
  5509 | D:7      | 5509 ||| UPGRADING to +0 cloak.
  5514 | D:7      | 5514 ||| READING 2 scrolls of enchant armour.
  5514 | D:7      | 5514 ||| ENCHANTING +0 cloak.
  5515 | D:7      | 5515 ||| READING scroll of enchant armour.
  5515 | D:7      | 5515 ||| ENCHANTING +1 cloak.
  5516 | D:7      | 5516 ||| UPGRADING to ring of poison resistance.
  5517 | D:7      | 5517 ||| READING scroll labelled UNUUSE KEKLASK.
  5583 | D:8      | Noticed a two-headed ogre
  5591 | D:8      | Killed a two-headed ogre
  5592 | D:8      | Reached XP level 10. HP: 68/93 MP: 10/10
  5853 | D:8      | 5853 ||| Stepping ~*~*~tactically~*~*~ (hiding).
  5918 | D:8      | 5918 ||| Stepping ~*~*~tactically~*~*~ (stealth).
  5920 | D:8      | 5920 ||| Stepping ~*~*~tactically~*~*~ (hiding).
  5925 | D:8      | 5925 ||| Stepping ~*~*~tactically~*~*~ (hiding).
  5929 | D:8      | Reached skill level 11 in Unarmed Combat
  6332 | D:9      | 6332 ||| READING 2 scrolls of identify.
  6332 | D:9      | 6332 ||| IDENTIFYING bubbling green potion
  6333 | D:9      | 6333 ||| DROPPING potion of brilliance.
  6370 | D:9      | 6370 ||| STAIRDANCE
  6376 | D:9      | 6376 ||| STAIRDANCE
  6447 | D:9      | 6447 ||| Stepping ~*~*~tactically~*~*~ (stealth).
  6459 | D:9      | 6459 ||| Stepping ~*~*~tactically~*~*~ (stealth).
  6498 | D:9      | Reached skill level 9 in Shields
  6611 | D:9      | 6611 ||| INVOKING Fiery Armour.
  6724 | D:9      | 6724 ||| Stepping ~*~*~tactically~*~*~ (stealth).
  6729 | D:9      | 6729 ||| Stepping ~*~*~tactically~*~*~ (stealth).
  6731 | D:9      | 6731 ||| Stepping ~*~*~tactically~*~*~ (outnumbered).
  6732 | D:9      | 6732 ||| Stepping ~*~*~tactically~*~*~ (outnumbered).
  6734 | D:9      | 6734 ||| Stepping ~*~*~tactically~*~*~ (outnumbered).
  6735 | D:9      | 6735 ||| Stepping ~*~*~tactically~*~*~ (outnumbered).
  6736 | D:9      | 6736 ||| Stepping ~*~*~tactically~*~*~ (stealth).
  6738 | D:9      | 6738 ||| Stepping ~*~*~tactically~*~*~ (outnumbered).
  6908 | D:9      | 6908 ||| Stepping ~*~*~tactically~*~*~ (hiding).
  6920 | D:9      | 6920 ||| FLEEEEING.
  6921 | D:9      | 6921 ||| FLEEEEING.
  6922 | D:9      | 6922 ||| FLEEEEING.
  6923 | D:9      | 6923 ||| FLEEEEING.
  6924 | D:9      | 6924 ||| FLEEEEING.
  6925 | D:9      | 6925 ||| FLEEEEING.
  6926 | D:9      | 6926 ||| FLEEEEING.
  6958 | D:9      | Found a glowing golden altar of the Shining One.
  7081 | D:9      | 7081 ||| Stepping ~*~*~tactically~*~*~ (hiding).
  7083 | D:9      | 7083 ||| Stepping ~*~*~tactically~*~*~ (hiding).
  7089 | D:9      | 7089 ||| Stepping ~*~*~tactically~*~*~ (outnumbered).
  7241 | D:9      | Reached skill level 12 in Unarmed Combat
  7262 | D:9      | 7262 ||| Stepping ~*~*~tactically~*~*~ (hiding).
  7321 | D:9      | 7321 ||| Stepping ~*~*~tactically~*~*~ (outnumbered).
  7331 | D:9      | 7331 ||| INVOKING Fiery Armour.
  7412 | D:9      | Identified the +8 shortbow of Conflict {venom, rC+ Int+2}
  7433 | D:9      | 7433 ||| READING scroll labelled DEALUTTIOZU.
  7434 | D:9      | 7434 ||| READING scroll labelled JIS JIETUVIT.
  7804 | D:10     | Entered Level 10 of the Dungeon
  7805 | D:10     | 7805 ||| STAIRDANCE
  7815 | D:10     | 7815 ||| STAIRDANCE
  7819 | D:9      | 7819 ||| Stepping ~*~*~tactically~*~*~ (outnumbered).
  7877 | D:10     | 7877 ||| Stepping ~*~*~tactically~*~*~ (outnumbered).
  7878 | D:10     | 7878 ||| Stepping ~*~*~tactically~*~*~ (outnumbered).
  7879 | D:10     | 7879 ||| Stepping ~*~*~tactically~*~*~ (outnumbered).
  7880 | D:10     | 7880 ||| Stepping ~*~*~tactically~*~*~ (outnumbered).
  7881 | D:10     | 7881 ||| Stepping ~*~*~tactically~*~*~ (outnumbered).
  7882 | D:10     | 7882 ||| Stepping ~*~*~tactically~*~*~ (outnumbered).
  7883 | D:10     | 7883 ||| Stepping ~*~*~tactically~*~*~ (outnumbered).
  7885 | D:10     | 7885 ||| Stepping ~*~*~tactically~*~*~ (outnumbered).
  7886 | D:10     | 7886 ||| Stepping ~*~*~tactically~*~*~ (outnumbered).
  7887 | D:10     | 7887 ||| Stepping ~*~*~tactically~*~*~ (outnumbered).
  7888 | D:10     | 7888 ||| Stepping ~*~*~tactically~*~*~ (outnumbered).
  7889 | D:10     | 7889 ||| Stepping ~*~*~tactically~*~*~ (outnumbered).
  7890 | D:10     | 7890 ||| Stepping ~*~*~tactically~*~*~ (outnumbered).
  7891 | D:10     | 7891 ||| Stepping ~*~*~tactically~*~*~ (outnumbered).
  7892 | D:10     | 7892 ||| Stepping ~*~*~tactically~*~*~ (outnumbered).
  7893 | D:10     | 7893 ||| Stepping ~*~*~tactically~*~*~ (outnumbered).
  7894 | D:10     | 7894 ||| Stepping ~*~*~tactically~*~*~ (outnumbered).
  7895 | D:10     | 7895 ||| Stepping ~*~*~tactically~*~*~ (outnumbered).
  7896 | D:10     | 7896 ||| Stepping ~*~*~tactically~*~*~ (outnumbered).
  7898 | D:10     | 7898 ||| Stepping ~*~*~tactically~*~*~ (outnumbered).
  7899 | D:10     | 7899 ||| Stepping ~*~*~tactically~*~*~ (outnumbered).
  7900 | D:10     | 7900 ||| Stepping ~*~*~tactically~*~*~ (outnumbered).
  7901 | D:10     | 7901 ||| Stepping ~*~*~tactically~*~*~ (outnumbered).
  7902 | D:10     | 7902 ||| Stepping ~*~*~tactically~*~*~ (outnumbered).
  7920 | D:10     | 7920 ||| Stepping ~*~*~tactically~*~*~ (hiding).
  7924 | D:10     | Noticed a two-headed ogre
  7925 | D:10     | 7925 ||| INVOKING Fiery Armour.
  7930 | D:10     | Noticed a seven-headed hydra
  7932 | D:10     | Killed a two-headed ogre
  7933 | D:10     | Reached XP level 11. HP: 63/102 MP: 11/11
  7933 | D:10     | 7933 ||| FLEEEEING.
  7934 | D:10     | 7934 ||| FLEEEEING.
  7936 | D:10     | 7936 ||| FLEEEEING.
  7937 | D:10     | 7937 ||| FLEEEEING.
  7938 | D:10     | 7938 ||| FLEEEEING.
  7939 | D:10     | 7939 ||| FLEEEEING.
  7940 | D:10     | 7940 ||| FLEEEEING.
  7941 | D:10     | 7941 ||| FLEEEEING.
  7942 | D:10     | 7942 ||| FLEEEEING.
  7945 | D:10     | 7945 ||| FLEEEEING.
  7946 | D:10     | 7946 ||| FLEEEEING.
  7947 | D:10     | 7947 ||| FLEEEEING.
  7948 | D:10     | 7948 ||| FLEEEEING.
  7949 | D:10     | 7949 ||| FLEEEEING.
  7952 | D:10     | 7952 ||| FLEEEEING.
  7953 | D:10     | 7953 ||| FLEEEEING.
  7954 | D:10     | 7954 ||| FLEEEEING.
  7956 | D:10     | 7956 ||| FLEEEEING.
  7957 | D:10     | 7957 ||| FLEEEEING.
  7958 | D:10     | 7958 ||| FLEEEEING.
  7959 | D:10     | 7959 ||| FLEEEEING.
  7960 | D:10     | 7960 ||| FLEEEEING.
  7961 | D:10     | 7961 ||| FLEEEEING.
  7962 | D:10     | 7962 ||| FLEEEEING.
  7963 | D:10     | 7963 ||| FLEEEEING.
  7964 | D:10     | 7964 ||| STAIRDANCE
  7997 | D:10     | 7997 ||| STAIRDANCE
  7999 | D:9      | Killed an eight-headed hydra
  8000 | D:9      | Reached skill level 13 in Unarmed Combat
  8094 | D:10     | 8094 ||| Stepping ~*~*~tactically~*~*~ (stealth).
  8103 | D:10     | 8103 ||| Stepping ~*~*~tactically~*~*~ (stealth).
  8106 | D:10     | 8106 ||| Stepping ~*~*~tactically~*~*~ (stealth).
  8108 | D:10     | 8108 ||| INVOKING Fiery Armour.
  8110 | D:10     | 8110 ||| Stepping ~*~*~tactically~*~*~ (outnumbered).
  8111 | D:10     | 8111 ||| Stepping ~*~*~tactically~*~*~ (outnumbered).
  8112 | D:10     | 8112 ||| Stepping ~*~*~tactically~*~*~ (outnumbered).
  8113 | D:10     | 8113 ||| Stepping ~*~*~tactically~*~*~ (outnumbered).
  8114 | D:10     | 8114 ||| Stepping ~*~*~tactically~*~*~ (outnumbered).
  8115 | D:10     | 8115 ||| Stepping ~*~*~tactically~*~*~ (outnumbered).
  8116 | D:10     | 8116 ||| Stepping ~*~*~tactically~*~*~ (outnumbered).
  8117 | D:10     | 8117 ||| STAIRDANCE
  8119 | D:9      | 8119 ||| Stepping ~*~*~tactically~*~*~ (outnumbered).
  8120 | D:9      | 8120 ||| Stepping ~*~*~tactically~*~*~ (outnumbered).
  8121 | D:9      | 8121 ||| Stepping ~*~*~tactically~*~*~ (outnumbered).
  8122 | D:9      | 8122 ||| Stepping ~*~*~tactically~*~*~ (outnumbered).
  8123 | D:9      | 8123 ||| Stepping ~*~*~tactically~*~*~ (outnumbered).
  8126 | D:9      | 8126 ||| Stepping ~*~*~tactically~*~*~ (outnumbered).
  8127 | D:9      | 8127 ||| Stepping ~*~*~tactically~*~*~ (outnumbered).
  8128 | D:9      | 8128 ||| Stepping ~*~*~tactically~*~*~ (outnumbered).
  8130 | D:9      | Reached skill level 1 in Armour
  8136 | D:9      | 8136 ||| UPGRADING to +0 acid dragon scales.
  8146 | D:9      | 8146 ||| READING scroll of enchant armour.
  8146 | D:9      | 8146 ||| ENCHANTING +0 acid dragon scales.
  8147 | D:9      | 8147 ||| DROPPING +2 robe of cold resistance.
  8158 | D:10     | 8158 ||| STAIRDANCE
  8160 | D:9      | 8160 ||| Stepping ~*~*~tactically~*~*~ (outnumbered).
  8161 | D:9      | 8161 ||| Stepping ~*~*~tactically~*~*~ (outnumbered).
  8162 | D:9      | 8162 ||| Stepping ~*~*~tactically~*~*~ (outnumbered).
  8163 | D:9      | 8163 ||| Stepping ~*~*~tactically~*~*~ (outnumbered).
  8164 | D:9      | 8164 ||| Stepping ~*~*~tactically~*~*~ (outnumbered).
  8165 | D:9      | 8165 ||| Stepping ~*~*~tactically~*~*~ (outnumbered).
  8166 | D:9      | 8166 ||| Stepping ~*~*~tactically~*~*~ (outnumbered).
  8167 | D:9      | 8167 ||| Stepping ~*~*~tactically~*~*~ (outnumbered).
  8168 | D:9      | 8168 ||| Stepping ~*~*~tactically~*~*~ (outnumbered).
  8169 | D:9      | 8169 ||| Stepping ~*~*~tactically~*~*~ (outnumbered).
  8170 | D:9      | 8170 ||| Stepping ~*~*~tactically~*~*~ (outnumbered).
  8171 | D:9      | 8171 ||| Stepping ~*~*~tactically~*~*~ (outnumbered).
  8172 | D:9      | 8172 ||| Stepping ~*~*~tactically~*~*~ (outnumbered).
  8173 | D:9      | 8173 ||| Stepping ~*~*~tactically~*~*~ (outnumbered).
  8216 | D:10     | 8216 ||| INVOKING Fiery Armour.
  8220 | D:10     | 8220 ||| Stepping ~*~*~tactically~*~*~ (outnumbered).
  8221 | D:10     | 8221 ||| Stepping ~*~*~tactically~*~*~ (outnumbered).
  8222 | D:10     | 8222 ||| Stepping ~*~*~tactically~*~*~ (outnumbered).
  8226 | D:10     | 8226 ||| Stepping ~*~*~tactically~*~*~ (outnumbered).
  8227 | D:10     | 8227 ||| Stepping ~*~*~tactically~*~*~ (outnumbered).
  8228 | D:10     | 8228 ||| Stepping ~*~*~tactically~*~*~ (outnumbered).
  8229 | D:10     | 8229 ||| Stepping ~*~*~tactically~*~*~ (outnumbered).
  8230 | D:10     | 8230 ||| Stepping ~*~*~tactically~*~*~ (outnumbered).
  8231 | D:10     | 8231 ||| Stepping ~*~*~tactically~*~*~ (outnumbered).
  8232 | D:10     | 8232 ||| Stepping ~*~*~tactically~*~*~ (outnumbered).
  8237 | D:10     | 8237 ||| Stepping ~*~*~tactically~*~*~ (outnumbered).
  8238 | D:10     | 8238 ||| Stepping ~*~*~tactically~*~*~ (outnumbered).
  8240 | D:10     | 8240 ||| Stepping ~*~*~tactically~*~*~ (outnumbered).
  8241 | D:10     | 8241 ||| Stepping ~*~*~tactically~*~*~ (outnumbered).
  8242 | D:10     | 8242 ||| Stepping ~*~*~tactically~*~*~ (outnumbered).
  8243 | D:10     | 8243 ||| Stepping ~*~*~tactically~*~*~ (outnumbered).
  8244 | D:10     | 8244 ||| Stepping ~*~*~tactically~*~*~ (outnumbered).
  8245 | D:10     | 8245 ||| Stepping ~*~*~tactically~*~*~ (outnumbered).
  8246 | D:10     | 8246 ||| Stepping ~*~*~tactically~*~*~ (outnumbered).
  8247 | D:10     | 8247 ||| Stepping ~*~*~tactically~*~*~ (outnumbered).
  8248 | D:10     | 8248 ||| Stepping ~*~*~tactically~*~*~ (outnumbered).
  8250 | D:10     | 8250 ||| Stepping ~*~*~tactically~*~*~ (outnumbered).
  8251 | D:10     | 8251 ||| Stepping ~*~*~tactically~*~*~ (outnumbered).
  8252 | D:10     | 8252 ||| Stepping ~*~*~tactically~*~*~ (outnumbered).
  8253 | D:10     | 8253 ||| Stepping ~*~*~tactically~*~*~ (outnumbered).
  8254 | D:10     | 8254 ||| Stepping ~*~*~tactically~*~*~ (outnumbered).
  8257 | D:10     | 8257 ||| Stepping ~*~*~tactically~*~*~ (outnumbered).
  8258 | D:10     | 8258 ||| Stepping ~*~*~tactically~*~*~ (outnumbered).
  8260 | D:10     | 8260 ||| Stepping ~*~*~tactically~*~*~ (outnumbered).
  8261 | D:10     | 8261 ||| Stepping ~*~*~tactically~*~*~ (outnumbered).
  8262 | D:10     | 8262 ||| Stepping ~*~*~tactically~*~*~ (outnumbered).
  8263 | D:10     | 8263 ||| Stepping ~*~*~tactically~*~*~ (outnumbered).
  8264 | D:10     | 8264 ||| Stepping ~*~*~tactically~*~*~ (outnumbered).
  8265 | D:10     | 8265 ||| Stepping ~*~*~tactically~*~*~ (outnumbered).
  8266 | D:10     | 8266 ||| Stepping ~*~*~tactically~*~*~ (outnumbered).
  8267 | D:10     | 8267 ||| Stepping ~*~*~tactically~*~*~ (outnumbered).
  8268 | D:10     | 8268 ||| Stepping ~*~*~tactically~*~*~ (outnumbered).
  8427 | D:10     | 8427 ||| INVOKING Fiery Armour.
  8577 | D:10     | 8577 ||| Stepping ~*~*~tactically~*~*~ (hiding).
  8585 | D:10     | 8585 ||| Stepping ~*~*~tactically~*~*~ (hiding).
  8590 | D:10     | 8590 ||| DRINKING 3 potions of curing.
  8590 | D:10     | 8590 ||| (to cure confusion)
  8592 | D:10     | 8592 ||| INVOKING Fiery Armour.
  8700 | D:10     | 8700 ||| Stepping ~*~*~tactically~*~*~ (hiding).
  8852 | D:10     | 8852 ||| DRINKING 2 potions of curing.
  8852 | D:10     | 8852 ||| (to cure confusion)
  8899 | D:10     | 8899 ||| PLANNING TEMPLE
  8899 | D:10     | 8899 ||| READING 2 scrolls labelled HEMOF UHIAMI.
  8900 | D:10     | 8900 ||| READING scroll labelled SEIWNE KYDWOOT.
  8901 | D:10     | 8901 ||| DROPPING scroll of noise.
  9137 | Temple   | Entered the Ecumenical Temple
  9150 | Temple   | 9150 ||| PLANNING CONVERSION TO OKAWARU
  9157 | Temple   | Fell from the grace of Ignis
  9157 | Temple   | Became a worshipper of Warmaster Okawaru
  9158 | Temple   | 9158 ||| PLANNING D:1-11
  9530 | D:11     | Noticed a two-headed ogre
  9539 | D:11     | 9539 ||| Stepping ~*~*~tactically~*~*~ (outnumbered).
  9548 | D:11     | Killed a two-headed ogre
  9551 | D:11     | HP: 7/102 [manticore (19)]
  9552 | D:11     | 9552 ||| READING 3 scrolls of teleportation.
  9553 | D:11     | 9553 ||| DRINKING 4 potions of heal wounds.
  9557 | D:11     | Reached skill level 14 in Unarmed Combat
  9564 | D:11     | 9564 ||| Stepping ~*~*~tactically~*~*~ (stealth).
  9635 | D:11     | 9635 ||| FLEEEEING.
  9636 | D:11     | Noticed a two-headed ogre
  9643 | D:11     | 9643 ||| Stepping ~*~*~tactically~*~*~ (outnumbered).
  9644 | D:11     | 9644 ||| Stepping ~*~*~tactically~*~*~ (outnumbered).
  9644 | D:11     | Noticed Josephine
  9645 | D:11     | 9645 ||| Stepping ~*~*~tactically~*~*~ (outnumbered).
  9647 | D:11     | Noticed a two-headed ogre
  9652 | D:11     | 9652 ||| Stepping ~*~*~tactically~*~*~ (outnumbered).
  9652 | D:11     | Noticed a white ugly thing
  9660 | D:11     | Killed a two-headed ogre
  9670 | D:11     | Killed Josephine
  9670 | D:11     | Reached * piety under Okawaru
  9671 | D:11     | Reached skill level 6 in Fighting
  9671 | D:11     | 9671 ||| INVOKING Heroism.
  9674 | D:11     | Killed a two-headed ogre
  9675 | D:11     | Reached skill level 1 in Invocations
  9677 | D:11     | Killed a white ugly thing
  9685 | D:11     | 9685 ||| INVOKING Heroism.
  9689 | D:11     | 9689 ||| Stepping ~*~*~tactically~*~*~ (outnumbered).
  9690 | D:11     | 9690 ||| Stepping ~*~*~tactically~*~*~ (outnumbered).
  9695 | D:11     | Reached XP level 12. HP: 68/114 MP: 9/12
  9699 | D:11     | 9699 ||| Stepping ~*~*~tactically~*~*~ (stealth).
  9700 | D:11     | 9700 ||| INVOKING Heroism.
  9711 | D:11     | Reached ** piety under Okawaru
  9715 | D:11     | 9715 ||| INVOKING Heroism.
  9722 | D:11     | Reached skill level 3 in Invocations
  9735 | D:11     | 9735 ||| INVOKING Heroism.
  9862 | D:11     | 9862 ||| Stepping ~*~*~tactically~*~*~ (stealth).
  9865 | D:11     | 9865 ||| FLEEEEING.
  9874 | D:11     | 9874 ||| STAIRDANCE
  9891 | D:10     | 9891 ||| INVOKING Heroism.
 10020 | D:11     | 10020 ||| Stepping ~*~*~tactically~*~*~ (stealth).
 10021 | D:11     | 10021 ||| Stepping ~*~*~tactically~*~*~ (stealth).
 10035 | D:11     | 10035 ||| Stepping ~*~*~tactically~*~*~ (hiding).
 10040 | D:11     | 10040 ||| Stepping ~*~*~tactically~*~*~ (stealth).
 10061 | D:11     | 10061 ||| Stepping ~*~*~tactically~*~*~ (stealth).
 10062 | D:11     | 10062 ||| Stepping ~*~*~tactically~*~*~ (stealth).
 10102 | D:11     | Found a staircase to the Orcish Mines.
 10193 | D:11     | Found a staircase to the Lair.
 10250 | D:11     | 10250 ||| PLANNING LAIR
 10277 | Lair:1   | Entered Level 1 of the Lair of Beasts
 10280 | Lair:1   | 10280 ||| INVOKING Heroism.
 10281 | Lair:1   | 10281 ||| Stepping ~*~*~tactically~*~*~ (stealth).
 10284 | Lair:1   | 10284 ||| Stepping ~*~*~tactically~*~*~ (outnumbered).
 10285 | Lair:1   | 10285 ||| Stepping ~*~*~tactically~*~*~ (outnumbered).
 10291 | Lair:1   | 10291 ||| Stepping ~*~*~tactically~*~*~ (outnumbered).
 10292 | Lair:1   | 10292 ||| Stepping ~*~*~tactically~*~*~ (outnumbered).
 10293 | Lair:1   | 10293 ||| Stepping ~*~*~tactically~*~*~ (outnumbered).
 10294 | Lair:1   | 10294 ||| Stepping ~*~*~tactically~*~*~ (outnumbered).
 10329 | Lair:1   | 10329 ||| Stepping ~*~*~tactically~*~*~ (outnumbered).
 10330 | Lair:1   | 10330 ||| Stepping ~*~*~tactically~*~*~ (outnumbered).
 10336 | Lair:1   | 10336 ||| Stepping ~*~*~tactically~*~*~ (outnumbered).
 10337 | Lair:1   | 10337 ||| Stepping ~*~*~tactically~*~*~ (outnumbered).
 10339 | Lair:1   | Reached skill level 15 in Unarmed Combat
 10340 | Lair:1   | 10340 ||| INVOKING Heroism.
 10408 | Lair:1   | 10408 ||| Stepping ~*~*~tactically~*~*~ (hiding).
 10442 | Lair:1   | 10442 ||| INVOKING Heroism.
 10491 | Lair:1   | 10491 ||| INVOKING Heroism.
 10577 | Lair:1   | 10577 ||| INVOKING Heroism.
 10588 | Lair:1   | 10588 ||| Stepping ~*~*~tactically~*~*~ (outnumbered).
 10589 | Lair:1   | Reached *** piety under Okawaru
 10618 | Lair:1   | 10618 ||| INVOKING Heroism.
 10659 | Lair:1   | 10659 ||| Stepping ~*~*~tactically~*~*~ (stealth).
 10661 | Lair:1   | 10661 ||| Stepping ~*~*~tactically~*~*~ (stealth).
 10663 | Lair:1   | 10663 ||| Stepping ~*~*~tactically~*~*~ (stealth).
 10665 | Lair:1   | 10665 ||| Stepping ~*~*~tactically~*~*~ (stealth).
 10669 | Lair:1   | 10669 ||| INVOKING Heroism.
 10670 | Lair:1   | 10670 ||| Stepping ~*~*~tactically~*~*~ (outnumbered).
 10671 | Lair:1   | 10671 ||| Stepping ~*~*~tactically~*~*~ (outnumbered).
 10673 | Lair:1   | 10673 ||| Stepping ~*~*~tactically~*~*~ (outnumbered).
 10674 | Lair:1   | 10674 ||| Stepping ~*~*~tactically~*~*~ (outnumbered).
 10675 | Lair:1   | 10675 ||| Stepping ~*~*~tactically~*~*~ (outnumbered).
 10676 | Lair:1   | 10676 ||| Stepping ~*~*~tactically~*~*~ (outnumbered).
 10678 | Lair:1   | 10678 ||| Stepping ~*~*~tactically~*~*~ (outnumbered).
 10679 | Lair:1   | 10679 ||| Stepping ~*~*~tactically~*~*~ (outnumbered).
 10680 | Lair:1   | 10680 ||| Stepping ~*~*~tactically~*~*~ (outnumbered).
 10681 | Lair:1   | 10681 ||| Stepping ~*~*~tactically~*~*~ (outnumbered).
 10682 | Lair:1   | 10682 ||| Stepping ~*~*~tactically~*~*~ (outnumbered).
 10683 | Lair:1   | 10683 ||| Stepping ~*~*~tactically~*~*~ (stealth).
 10686 | Lair:1   | 10686 ||| Stepping ~*~*~tactically~*~*~ (outnumbered).
 10687 | Lair:1   | 10687 ||| Stepping ~*~*~tactically~*~*~ (outnumbered).
 10688 | Lair:1   | 10688 ||| Stepping ~*~*~tactically~*~*~ (outnumbered).
 10697 | Lair:1   | 10697 ||| INVOKING Heroism.
 10698 | Lair:1   | 10698 ||| Stepping ~*~*~tactically~*~*~ (outnumbered).
 10699 | Lair:1   | 10699 ||| Stepping ~*~*~tactically~*~*~ (outnumbered).
 10700 | Lair:1   | 10700 ||| Stepping ~*~*~tactically~*~*~ (outnumbered).
 10701 | Lair:1   | 10701 ||| Stepping ~*~*~tactically~*~*~ (outnumbered).
 10711 | Lair:1   | Reached skill level 3 in Armour
 10726 | Lair:1   | 10726 ||| INVOKING Heroism.
 10802 | Lair:1   | 10802 ||| INVOKING Heroism.
 10810 | Lair:1   | 10810 ||| Stepping ~*~*~tactically~*~*~ (outnumbered).
 10811 | Lair:1   | 10811 ||| Stepping ~*~*~tactically~*~*~ (outnumbered).
 10840 | Lair:1   | Reached **** piety under Okawaru
 10875 | Lair:1   | You fall into a shaft and drop 1 floor!
 10891 | Lair:2   | 10891 ||| Stepping ~*~*~tactically~*~*~ (outnumbered).
 10916 | Lair:2   | 10916 ||| Stepping ~*~*~tactically~*~*~ (stealth).
 10927 | Lair:2   | 10927 ||| INVOKING Heroism.
 10934 | Lair:2   | 10934 ||| Stepping ~*~*~tactically~*~*~ (stealth).
 10935 | Lair:2   | 10935 ||| Stepping ~*~*~tactically~*~*~ (stealth).
 10936 | Lair:2   | 10936 ||| Stepping ~*~*~tactically~*~*~ (stealth).
 10948 | Lair:2   | 10948 ||| Stepping ~*~*~tactically~*~*~ (stealth).
 10967 | Lair:2   | Reached XP level 13. HP: 111/120 MP: 15/15
 11015 | Lair:1   | 11015 ||| Stepping ~*~*~tactically~*~*~ (stealth).
 11018 | Lair:1   | 11018 ||| Stepping ~*~*~tactically~*~*~ (stealth).
 11019 | Lair:1   | 11019 ||| Stepping ~*~*~tactically~*~*~ (stealth).
 11025 | Lair:1   | 11025 ||| Stepping ~*~*~tactically~*~*~ (stealth).
 11026 | Lair:1   | 11026 ||| Stepping ~*~*~tactically~*~*~ (outnumbered).
 11027 | Lair:1   | 11027 ||| INVOKING Heroism.
 11028 | Lair:1   | 11028 ||| Stepping ~*~*~tactically~*~*~ (outnumbered).
 11029 | Lair:1   | 11029 ||| Stepping ~*~*~tactically~*~*~ (outnumbered).
 11048 | Lair:1   | Reached ***** piety under Okawaru
 11488 | Lair:2   | You fall into a shaft and drop 2 floors!
 11593 | Lair:4   | 11593 ||| DRINKING 6 potions of curing.
 11593 | Lair:4   | 11593 ||| (to cure confusion)
 11628 | Lair:4   | 11628 ||| Stepping ~*~*~tactically~*~*~ (hiding).
 11654 | Lair:4   | 11654 ||| INVOKING Heroism.
 11664 | Lair:4   | 11664 ||| Stepping ~*~*~tactically~*~*~ (outnumbered).
 11666 | Lair:4   | 11666 ||| Stepping ~*~*~tactically~*~*~ (outnumbered).
 11667 | Lair:4   | 11667 ||| Stepping ~*~*~tactically~*~*~ (outnumbered).
 11671 | Lair:4   | Reached skill level 16 in Unarmed Combat
 11673 | Lair:4   | 11673 ||| Stepping ~*~*~tactically~*~*~ (stealth).
 11675 | Lair:4   | 11675 ||| Stepping ~*~*~tactically~*~*~ (outnumbered).
 11676 | Lair:4   | 11676 ||| Stepping ~*~*~tactically~*~*~ (outnumbered).
 11677 | Lair:4   | 11677 ||| Stepping ~*~*~tactically~*~*~ (outnumbered).
 11705 | Lair:4   | 11705 ||| Stepping ~*~*~tactically~*~*~ (stealth).
 11707 | Lair:4   | 11707 ||| Stepping ~*~*~tactically~*~*~ (stealth).
 11709 | Lair:4   | 11709 ||| Stepping ~*~*~tactically~*~*~ (stealth).
 11711 | Lair:4   | 11711 ||| INVOKING Heroism.
 11719 | Lair:4   | 11719 ||| Stepping ~*~*~tactically~*~*~ (outnumbered).
 11803 | Lair:4   | 11803 ||| INVOKING Heroism.
 11820 | Lair:4   | 11820 ||| READING 8 scrolls of identify.
 11820 | Lair:4   | 11820 ||| IDENTIFYING smoky pink potion
 11821 | Lair:4   | 11821 ||| DROPPING potion of berserk rage.
 11860 | Lair:3   | Was forgiven by Ignis
 11861 | Lair:3   | 11861 ||| Stepping ~*~*~tactically~*~*~ (outnumbered).
 11866 | Lair:3   | 11866 ||| INVOKING Heroism.
 11866 | Lair:3   | HP: 24/122 [fire elemental[the fiery vengeance of Ignis]
                  | (11)]
 11867 | Lair:3   | 11867 ||| READING 2 scrolls of teleportation.
 11868 | Lair:3   | 11868 ||| DRINKING 4 potions of heal wounds.
 11876 | Lair:3   | 11876 ||| Stepping ~*~*~tactically~*~*~ (outnumbered).
 11877 | Lair:3   | 11877 ||| Stepping ~*~*~tactically~*~*~ (outnumbered).
 11878 | Lair:3   | 11878 ||| Stepping ~*~*~tactically~*~*~ (outnumbered).
 11879 | Lair:3   | 11879 ||| Stepping ~*~*~tactically~*~*~ (outnumbered).
 11880 | Lair:3   | 11880 ||| Stepping ~*~*~tactically~*~*~ (outnumbered).
 11881 | Lair:3   | 11881 ||| Stepping ~*~*~tactically~*~*~ (outnumbered).
 11882 | Lair:3   | 11882 ||| Stepping ~*~*~tactically~*~*~ (outnumbered).
 11883 | Lair:3   | 11883 ||| Stepping ~*~*~tactically~*~*~ (outnumbered).
 11886 | Lair:3   | Reached skill level 6 in Invocations
 11900 | Lair:3   | 11900 ||| INVOKING Heroism.
 11908 | Lair:3   | 11908 ||| Stepping ~*~*~tactically~*~*~ (stealth).
 11914 | Lair:3   | 11914 ||| FLEEEEING.
 11915 | Lair:3   | 11915 ||| FLEEEEING.
 11916 | Lair:3   | 11916 ||| INVOKING Finesse.
 11917 | Lair:3   | 11917 ||| INVOKING Finesse.
 11928 | Lair:3   | HP: 29/123 [ten-headed hydra (12)]
 11929 | Lair:3   | 11929 ||| READING scroll of teleportation.
 11930 | Lair:3   | 11930 ||| DRINKING 3 potions of heal wounds.
 11930 | Lair:3   | HP: 13/123 [ten-headed hydra (12)]
 11931 | Lair:3   | 11931 ||| DRINKING 2 potions of heal wounds.
 11965 | Lair:3   | 11965 ||| INVOKING Heroism.
 12091 | Lair:2   | 12091 ||| Stepping ~*~*~tactically~*~*~ (stealth).
 12101 | Lair:2   | 12101 ||| INVOKING Heroism.
 12134 | Lair:2   | Found the +7 Kryia's mail coat {PotionHeal*2 rC+}
 12147 | Lair:2   | 12147 ||| INVOKING Heroism.
 12148 | Lair:2   | 12148 ||| INVOKING Finesse.
 12226 | Lair:2   | 12226 ||| INVOKING Heroism.
 12258 | Lair:2   | 12258 ||| READING scroll of enchant armour.
 12258 | Lair:2   | 12258 ||| ENCHANTING +1 acid dragon scales.
 12277 | Lair:2   | 12277 ||| Stepping ~*~*~tactically~*~*~ (outnumbered).
 12278 | Lair:2   | Found a staircase to the Shoals.
 12279 | Lair:2   | 12279 ||| INVOKING Heroism.
 12469 | Lair:2   | 12469 ||| Stepping ~*~*~tactically~*~*~ (stealth).
 13239 | Lair:3   | 13239 ||| STAIRDANCE
 13251 | Lair:3   | 13251 ||| STAIRDANCE
 13325 | Lair:3   | 13325 ||| INVOKING Heroism.
 13326 | Lair:3   | 13326 ||| Stepping ~*~*~tactically~*~*~ (stealth).
 13341 | Lair:3   | Found a hole to the Spider Nest.
 13402 | Lair:3   | 13402 ||| INVOKING Heroism.
 13404 | Lair:3   | 13404 ||| Stepping ~*~*~tactically~*~*~ (stealth).
 13409 | Lair:3   | 13409 ||| INVOKING Finesse.
 13571 | Lair:3   | 13571 ||| INVOKING Heroism.
 13576 | Lair:3   | 13576 ||| Stepping ~*~*~tactically~*~*~ (outnumbered).
 13577 | Lair:3   | 13577 ||| Stepping ~*~*~tactically~*~*~ (outnumbered).
 13675 | Lair:3   | Noticed qw's ghost (journeyman TrCA)
 13679 | Lair:3   | Found a bloodstained altar of Trog.
 13687 | Lair:3   | Found a transporter.
 13734 | Lair:3   | 13734 ||| INVOKING Heroism.
 13754 | Lair:3   | 13754 ||| Stepping ~*~*~tactically~*~*~ (stealth).
 13756 | Lair:3   | 13756 ||| Stepping ~*~*~tactically~*~*~ (stealth).
 13758 | Lair:3   | 13758 ||| Stepping ~*~*~tactically~*~*~ (stealth).
 13760 | Lair:3   | 13760 ||| Stepping ~*~*~tactically~*~*~ (stealth).
 13764 | Lair:3   | 13764 ||| Stepping ~*~*~tactically~*~*~ (stealth).
 13787 | Lair:3   | 13787 ||| Stepping ~*~*~tactically~*~*~ (stealth).
 13792 | Lair:3   | 13792 ||| INVOKING Heroism.
 13818 | Lair:3   | 13818 ||| Stepping ~*~*~tactically~*~*~ (stealth).
 13894 | Lair:3   | Found a transporter.
 14060 | Lair:3   | 14060 ||| INVOKING Heroism.
 14068 | Lair:3   | 14068 ||| Stepping ~*~*~tactically~*~*~ (outnumbered).
 14070 | Lair:3   | 14070 ||| Stepping ~*~*~tactically~*~*~ (outnumbered).
 14071 | Lair:3   | 14071 ||| Stepping ~*~*~tactically~*~*~ (outnumbered).
 14076 | Lair:3   | Identified the +2 robe "Kasome" {rElec} (Okawaru gifted it
                  | to you on level 3 of the Lair of Beasts)
 14076 | Lair:3   | Received a gift from Okawaru
 14210 | Lair:3   | 14210 ||| DROPPING +2 robe "Kasome" {rElec}.
 14211 | Lair:3   | 14211 ||| UPGRADING to +4 ring of protection.
 14212 | Lair:3   | 14212 ||| READING scroll labelled OPIDUT MOMOILA.
 14213 | Lair:3   | 14213 ||| READING scroll labelled RESSUCW BACITO.
 14214 | Lair:3   | 14214 ||| DRINKING 2 bubbling silvery potions.
 14234 | Lair:3   | 14234 ||| DROPPING potion of lignification.
 14310 | Lair:4   | 14310 ||| Stepping ~*~*~tactically~*~*~ (hiding).
 14375 | Lair:4   | 14375 ||| READING scroll of enchant armour.
 14375 | Lair:4   | 14375 ||| ENCHANTING +2 acid dragon scales.
 14438 | Lair:4   | 14438 ||| INVOKING Heroism.
 14439 | Lair:4   | 14439 ||| INVOKING Finesse.
 14669 | Lair:4   | 14669 ||| INVOKING Heroism.
 14670 | Lair:4   | 14670 ||| Stepping ~*~*~tactically~*~*~ (outnumbered).
 14672 | Lair:4   | 14672 ||| Stepping ~*~*~tactically~*~*~ (outnumbered).
 14684 | Lair:4   | 14684 ||| Stepping ~*~*~tactically~*~*~ (outnumbered).
 14699 | Lair:4   | 14699 ||| Stepping ~*~*~tactically~*~*~ (hiding).
 14714 | Lair:4   | 14714 ||| Stepping ~*~*~tactically~*~*~ (hiding).
 14735 | Lair:4   | 14735 ||| INVOKING Heroism.
 14743 | Lair:4   | 14743 ||| DRINKING 6 potions of cancellation.
 14745 | Lair:4   | 14745 ||| Stepping ~*~*~tactically~*~*~ (outnumbered).
 14746 | Lair:4   | 14746 ||| Stepping ~*~*~tactically~*~*~ (outnumbered).
 14757 | Lair:4   | 14757 ||| Stepping ~*~*~tactically~*~*~ (hiding).
 14760 | Lair:4   | 14760 ||| Stepping ~*~*~tactically~*~*~ (outnumbered).
 14763 | Lair:4   | 14763 ||| DRINKING 5 potions of cancellation.
 14928 | Lair:5   | Entered Level 5 of the Lair of Beasts
 14929 | Lair:5   | 14929 ||| STAIRDANCE
 14931 | Lair:4   | 14931 ||| Stepping ~*~*~tactically~*~*~ (outnumbered).
 14935 | Lair:4   | Reached skill level 17 in Unarmed Combat
 14940 | Lair:4   | Reached XP level 14. HP: 127/133 MP: 19/19
 14949 | Lair:5   | 14949 ||| STAIRDANCE
 14951 | Lair:4   | 14951 ||| Stepping ~*~*~tactically~*~*~ (outnumbered).
 14952 | Lair:4   | 14952 ||| Stepping ~*~*~tactically~*~*~ (outnumbered).
 14980 | Lair:5   | 14980 ||| INVOKING Heroism.
 15070 | Lair:5   | 15070 ||| Stepping ~*~*~tactically~*~*~ (stealth).
 15071 | Lair:5   | 15071 ||| Stepping ~*~*~tactically~*~*~ (stealth).
 15072 | Lair:5   | 15072 ||| Stepping ~*~*~tactically~*~*~ (stealth).
 15082 | Lair:5   | Reached skill level 9 in Invocations
 15109 | Lair:5   | 15109 ||| INVOKING Heroism.
 15110 | Lair:5   | 15110 ||| INVOKING Finesse.
 15120 | Lair:5   | HP: 32/133 [15-headed hydra (10)]
 15120 | Lair:5   | HP: 15/133 [15-headed hydra (4)]
 15120 | Lair:5   | HP: 2/133 [15-headed hydra (13)]
 15121 | Lair:5   | 15121 ||| READING scroll of teleportation.
 15121 | Lair:5   | Mangled by a 15-headed hydra

Levels and vault maps discovered:
D:1:      kennysheep_arrival_seaside, layout_loops_cross
D:2:      layout_basic, ebering_ecumenical_altar_webs, grunt_ministairs_8,
          uniq_sigmund
D:3:      layout_loops_ring, minmay_statues_item, minmay_vboxes,
          uniq_crazy_yiuf_cottage, uniq_grinder
D:4:      layout_cave_pools, lemuel_round_altar, temple_hall
D:5:      layout_loops_ring
D:6:      layout_cave_pools, vehumet_statue, cheibrodos_sewer_entry_drain,
          minmay_manual_monstrance
D:7:      layout_basic, uniq_prince_ribbit1
D:8:      layout_loops_ring
D:9:      minmay_bubble_buster, layout_cave_pods, pf_just_have_faith
D:10:     layout_small_grid, minmay_starry_boxes
D:11:     layout_rooms, erik_lair_island, david_orc_4, uniq_josephine
Temple:   compressed_dpeg_triangle_lava_temple
Lair:1:   layout_small_grid, grunt_megastairs_3
Lair:2:   layout_small_grid, elwin_shoals_entry_stream, grunt_megastairs_5
Lair:3:   layout_long_grid, nicolae_spider_entry_tight_spaces,
          portal_ice_cave_demonic_guard, gammafunk_ghost_wrathful_warriors,
          kennysheep_abandoned_house
Lair:4:   layout_roguey [special_room_mythical_zoo], lemuel_old_faithful,
          lemuel_fruit_tree
Lair:5:   minmay_lair_end_enchanted_forest, layout_loops_ring,
          dpeg_slime_entry_corner, minmay_lair_oklob_bushes

Skill      XL: |  1  2  3  4  5  6  7  8  9 10 11 12 13 14 |
---------------+-------------------------------------------+-----
Unarmed Combat | 4 6 7 9 10 12 14 15 17 | 17.0
Shields        | 4 5 6 8 9 10 11 | 11.2
Fighting       | 3 4 5 6 7 |  7.0
Dodging        | 1 2 |  2.0
Throwing       | 1 2 |  2.3
Armour         | 2 3 |  3.4
Invocations    | 2 4 8 9 |  9.0
Spellcasting   | |  1.0
Fire Magic     | |  2.1

Action                   |  1- 3 |  4- 6 |  7- 9 | 10-12 | 13-15 || total
-------------------------+-------+-------+-------+-------+-------++-------
Melee: Unarmed           |    72 |    96 |   258 |   692 |   430 ||  1548
       Punch             |     1 |       |       |       |       ||     1
Throw: Boomerang         |       |       |    18 |    83 |   100 ||   201
Invok: Fiery Armour      |     2 |     1 |     3 |     7 |       ||    13
       Heroism           |       |       |       |    17 |    22 ||    39
       Finesse           |       |       |       |       |     5 ||     5
  Use: Scroll            |     2 |     1 |    17 |     7 |     8 ||    35
       Potion            |       |       |     4 |     3 |     7 ||    14
Armor: Robe              |    38 |    35 |    49 |    78 |       ||   200
       Acid dragon scale |       |       |       |   116 |   111 ||   227
Dodge: Dodged            |    43 |    30 |    56 |   148 |    74 ||   351
Block: Kite shield       |       |    29 |   140 |   562 |   275 ||  1006
       Reflection        |       |       |     7 |    22 |     2 ||    31

Table legend:
 A = Non-vault XP
 B = Vault XP
 C = Vault XP percentage of total XP
 D = Non-vault monster count
 E = Vault monster count
 F = Vault count percentage of total count
                 A         B        C        D         E       F
            +---------+---------+-------+---------+---------+-------
      Total |   46009 |   22215 |  32.6 |     368 |     145 |  28.3
            +---------+---------+-------+---------+---------+-------
        D:1 |      46 |       0 |   0.0 |      17 |       0 |   0.0
        D:2 |      92 |     235 |  71.9 |      32 |       3 |   8.6
        D:3 |     143 |     301 |  67.8 |      22 |       7 |  24.1
        D:4 |     230 |       0 |   0.0 |      14 |       0 |   0.0
        D:5 |     964 |       0 |   0.0 |      20 |       0 |   0.0
        D:6 |    1454 |     378 |  20.6 |      22 |       9 |  29.0
        D:7 |     646 |     264 |  29.0 |      11 |       1 |   8.3
        D:8 |    1744 |       0 |   0.0 |      23 |       0 |   0.0
        D:9 |    2542 |    2716 |  51.7 |      37 |      15 |  28.8
       D:10 |    3019 |    1574 |  34.3 |      35 |       6 |  14.6
       D:11 |    5043 |    3308 |  39.6 |      19 |      26 |  57.8
     Lair:1 |   10323 |    2134 |  17.1 |      43 |       8 |  15.7
     Lair:2 |    5806 |    3129 |  35.0 |      19 |      15 |  44.1
     Lair:3 |    5006 |    2677 |  34.8 |      25 |      25 |  50.0
     Lair:4 |    6360 |    5334 |  45.6 |      21 |      25 |  54.3
     Lair:5 |    2591 |       0 |   0.0 |       8 |       0 |   0.0
      Sewer |       0 |     165 | 100.0 |       0 |       5 | 100.0
            +---------+---------+-------+---------+---------+-------
